 Dungeon Crawl Stone Soup version 0.30-a0-847-g17996783a1 (webtiles) character file.

Game seed: 1868267427179871015

173 Darius099 the Ruffian (level 5, -4/50 HPs)
             Began as a Troll Monk on Mar 4, 2023.
             Slain by a sleepcap (18 damage)
             ... on level 4 of the Dungeon.
             The game lasted 00:03:35 (2246 turns).

Darius099 the Ruffian (Troll Monk)                  Turns: 2246, Time: 00:03:36

Health: -4/50      AC:  4    Str: 21    XL:     5   Next: 28%
Magic:  4/4        EV:  1    Int:  6    God:
Gold:   192        SH:  0    Dex: 12    Spells: 4/4 levels left

rFire   . . .      SeeInvis .      - Unarmed
rCold   . . .      Faith    .    (no shield)
rNeg    . . .      Spirit   .    n - +0 robe
rPois   .          Reflect  .    f - +0 hat
rElec   .          Rampage  .    (no cloak)
rCorr   .                        (gloves unavailable)
Will    .....                    (boots unavailable)
Stlth   ++                       i - amulet of the acrobat
HPRegen 1.08/turn                (no ring)
MPRegen 0.09/turn                (no ring)

@: sleeping
A: large, unfitting armour, claws 3, regeneration 1, shaggy fur 1, tough skin 1
a: no special abilities


You were on level 4 of the Dungeon.
You visited 1 branch of the dungeon, and saw 4 of its levels.

You collected 192 gold pieces.

Inventory:

Armour
 f - a +0 hat (worn)
 n - a +0 robe (worn)
Jewellery
 i - an amulet of the acrobat (around neck)
Scrolls
 a - a scroll of immolation {unknown}
 d - 2 scrolls of identify {unknown}
 h - a scroll of brand weapon {unknown}
 j - a scroll of poison {unknown}
 k - a scroll of enchant armour {unknown}
 m - 2 scrolls of blinking {unknown}
Potions
 b - a potion of ambrosia
 c - a potion of attraction {unknown}
 e - 2 potions of haste {unknown}
 g - a potion of heal wounds {unknown}
 l - a potion of curing {unknown}


   Skills:
 - Level 2.4 Fighting
 - Level 2.4 Dodging
 - Level 1.0 Stealth
 + Level 6.0 Unarmed Combat


You had 4 spell levels left.
You didn't know any spells.
Your spell library contained the following spells:

 Spells                   Type           Power      Damage    Failure   Level
 Dazzling Flash           Conj/Hex       0%         N/A       83%         3
 Agony                    Necr           0%         N/A       100%        5
 Silence                  Hex/Air        0%         N/A       100%        5


Dungeon Overview and Level Annotations

Branches:
Dungeon (4/15)
 Temple: D:4-7

Altars:
Gozag


Innate Abilities, Weirdness & Mutations

You are too large for most types of armour.
You have claws for hands.
Your natural rate of healing is unusually fast.
You are covered in fur. (AC +1)
You have tough skin. (AC +1)


Message History

Unknown command.
A sleepcap is nearby!
Unknown command.
A sleepcap is nearby!
Unknown command.
A sleepcap is nearby!
Unknown command.
A sleepcap is nearby!
Unknown command.
A sleepcap is nearby!
Unknown command.
Unknown command.
Unknown command.
Unknown command.
Unknown command.
You scratch the sleepcap.
The sleepcap is moderately damaged.
The sleepcap closely misses you.
You scratch the sleepcap.
The sleepcap is moderately damaged.
The sleepcap releases spores at you but does no damage.
You scratch the sleepcap but do no damage.
The sleepcap is moderately damaged.
The sleepcap releases spores at you.
You are engulfed in a cloud of soporific spores!
You are unaffected.
You claw the sleepcap!
The sleepcap is almost destroyed.
The sleepcap releases spores at you!
* * * LOW HITPOINT WARNING * * *
You are engulfed in a cloud of soporific spores!
You are unaffected.
You scratch the sleepcap.
The sleepcap is almost destroyed.
The goblin barely misses you. The sleepcap releases spores at you.
* * * LOW HITPOINT WARNING * * *
You are engulfed in a cloud of soporific spores!
You fall asleep.
The sleepcap releases spores at you!!
You die...

#.#...########...#.
#.###.......#......
#.#########<....... #..#
#######......[ ##.#
#.............
#######.##..######......
...........# #.....#.
..#####.#####...........
#@# #....###.#### #gf#
#..## #.# ....... #..
#.#.##.# ##.### #. .. #
#.... ## #.. #.... ..
#.... ... #.... #....


You could see a sleepcap and a goblin.

Vanquished Creatures
  An orc wizard (D:3)
  6 adders
  A worm (D:2)
  3 dart slugs
  4 orcs
  4 bats
  10 endoplasms
  9 giant cockroaches
  10 goblins
  9 hobgoblins
  4 kobolds
  6 quokkas
  2 ball pythons (D:2)
  A rat (D:1)
70 creatures vanquished.

Notes
Turn   | Place    | Note
-------+----------+-------------------------------------------
     0 | D:1      | Darius099 the Troll Monk began the quest for the Orb.
     0 | D:1      | Reached XP level 1. HP: 22/22 MP: 0/0
   284 | D:1      | Reached XP level 2. HP: 29/29 MP: 1/1
   479 | D:1      | Reached skill level 4 in Unarmed Combat
   635 | D:1      | Reached XP level 3. HP: 36/36 MP: 2/2
  1011 | D:2      | Reached XP level 4. HP: 44/44 MP: 3/3
  1070 | D:2      | Reached skill level 5 in Unarmed Combat
  1322 | D:2      | Found an opulent altar of Gozag.
  1978 | D:3      | Reached XP level 5. HP: 50/50 MP: 4/4
  2157 | D:4      | Reached skill level 6 in Unarmed Combat
  2246 | D:4      | Slain by a sleepcap

Illustrated notes

Levels and vault maps discovered:
D:1:      psy_arrival_wood_between_worlds, layout_basic
D:2:      layout_basic, basic_altar
D:3:      layout_rooms, solitary_fountain, roderic_serpentine_path,
          feat_on_display
D:4:      layout_rooms, feat_on_display, uniq_menkaure

Skill      XL: |  1  2  3  4  5 |
---------------+----------------+-----
Unarmed Combat | 4 5 6 |  6.0
Fighting       | |  2.4
Dodging        | |  2.4
Stealth        | |  1.0

Action                     |  1- 3 |  4- 6 || total
---------------------------+-------+-------++-------
  Melee: Unarmed           |    71 |   104 ||   175
         Punch             |     2 |     5 ||     7
   Stab: Sleeping          |     3 |     1 ||     4
 Armour: Robe              |    18 |    31 ||    49
  Dodge: Dodged            |    31 |    47 ||    78

Table legend: (Time is in decaauts)
 A = Elapsed time spent in this place.
 B = Non-inter-level travel time spent in this place.
 C = Inter-level travel time spent in this place.
 D = Time resting spent in this place.
 E = Time spent auto-exploring this place.
 F = Levels seen in this place.
 G = Mean time per level.
                   A        B        C        D        E       F      G
               +--------+--------+--------+--------+--------+-----+--------+
         Total |   2229 |   2147 |     82 |     14 |   1587 |   4 |  557.2 |
       Dungeon |   2229 |   2147 |     82 |     14 |   1587 |   4 |  557.2 |
               +--------+--------+--------+--------+--------+-----+--------+

Top non-repeatable levels by time:
     D:2: 745 daAuts
     D:1: 736 daAuts
     D:3: 601 daAuts
     D:4: 145 daAuts
